 Dungeon Crawl Stone Soup version 0.23-a0-29-g1be82e5 (webtiles) character file.

128 galech the Shield-Bearer (level 4, -2/41 HPs)
             Began as a Minotaur Fighter on Aug 3, 2018.
             Killed by divine providence
             ... invoked by an orc priest
              (16 damage)
             ... on level 3 of the Dungeon.
             The game lasted 00:02:32 (1482 turns).

galech the Shield-Bearer (Minotaur Fighter)         Turns: 1482, Time: 00:02:33

Health: -2/41      AC:  7    Str: 21    XL:     4   Next: 87%
Magic:  3/3        EV:  8    Int:  5    God:
Gold:   122        SH:  9    Dex: 10    Spells: 3/3 levels left

rFire    . . .     SeeInvis .   a - +0 war axe
rCold    . . .     Gourm    .   c - +0 shield
rNeg     . . .     Faith    .   o - +2 ring mail {rPois}
rPois    +         Spirit   .   (helmet restricted)
rElec    .         Reflect  .   (no cloak)
rCorr    .         Harm     .   (no gloves)
MR       .....                  (no boots)
Stlth    +.........             (no amulet)
HPRegen  0.13/turn              (no ring)
MPRegen  0.08/turn              (no ring)

@: no status effects
A: retaliatory headbutt, horns 2
a: no special abilities


You were on level 3 of the Dungeon.
You were not hungry.

You visited 1 branch of the dungeon, and saw 3 of its levels.

You collected 122 gold pieces.

Inventory:

Hand Weapons
 a - a +0 war axe (weapon)
Armour
 c - a +0 shield (worn)
 o - a +2 ring mail of poison resistance (worn)
Scrolls
 e - 5 scrolls of identify {unknown}
 h - a scroll of fear {unknown}
 k - 2 scrolls of amnesia {unknown}
 l - a scroll of enchant armour {unknown}
Potions
 d - a potion of might
 i - 2 potions of ambrosia {unknown}
 j - 3 potions of curing {unknown}
 m - a potion of heal wounds {unknown}
 n - a potion of degeneration {unknown}
Comestibles
 f - 7 rations
 g - 10 chunks of flesh


   Skills:
 + Level 4.4 Fighting
 + Level 3.8 Axes
 + Level 4.1 Armour
 + Level 0.8 Dodging
 + Level 0.7 Stealth
 + Level 4.7 Shields


You had 3 spell levels left.
You didn't know any spells.
Your spell library was empty.

Dungeon Overview and Level Annotations

Branches:
Dungeon (3/15)

Altars:
Elyvilon
Okawaru
The Shining One

Annotations:
D:3 Ijyb


Innate Abilities, Weirdness & Mutations

You reflexively headbutt those who attack you in melee.
You have a pair of horns on your head.


Message History

Unknown command.
You barely miss the orc priest.
You headbutt the orc priest, but do no damage.
The orc priest is almost dead.
You hit the orc.
You kill the orc!
You hit Ijyb. Ijyb hits you but does no damage.
You block the orc priest's attack.
You closely miss the orc priest.
The orc priest is almost dead.
You hit Ijyb. You block Ijyb's attack.
The orc priest looks braver for a moment.
Ijyb hits you but does no damage.
Unknown command.
You hit the orc priest.
The orc priest is almost dead.
You barely miss Ijyb.
The orc priest mumbles some strange prayers to Beogh against you.
Beogh smites you!
You die...

.# #.. . ## # ##..
# #.#. ...
#.#.#.### #..
#........ ..
###..†.## #'
#...[## #o#####
#.##.##
#.@...#######....##
#g)#.......##......
#....)####.##.#####
#.....# #.##.#####
........##
#....##...
..#......#
#######... ##.....#
#######... ........
..........
#>#.....#.
..........


You could see Ijyb and an orc priest.

Vanquished Creatures
  Terence (D:3)
  4 adders (D:2)
  An ooze (D:2)
  3 worms
  4 orcs (D:3)
  4 ball pythons
  2 giant cockroaches
  10 goblins
  5 hobgoblins
  5 bats
  4 frilled lizards
  8 kobolds
  4 rats
55 creatures vanquished.

Notes
Turn   | Place    | Note
-------+----------+-------------------------------------------
     0 | D:1      | galech the Minotaur Fighter began the quest for the Orb.
     0 | D:1      | Reached XP level 1. HP: 19/19 MP: 0/0
   280 | D:1      | Reached XP level 2. HP: 27/27 MP: 1/1
   664 | D:2      | Reached XP level 3. HP: 33/33 MP: 2/2
   897 | D:2      | Found a white marble altar of Elyvilon.
  1000 | D:2      | Reached XP level 4. HP: 35/40 MP: 3/3
  1010 | D:2      | Found an iron altar of Okawaru.
  1224 | D:2      | Found a glowing golden altar of the Shining One.
  1383 | D:3      | Noticed Terence
  1388 | D:3      | Killed Terence
  1469 | D:3      | Noticed Ijyb
  1482 | D:3      | Killed from afar by an orc priest

Vault maps used:
D:1:      wheals_arrival_linesprint
D:2:      lemuel_doored_altar, nicolae_tso_swordbearing_angel,
          lemuel_coloured_pillars_altar
D:3:      first_ration, uniq_terence, uniq_ijyb

Skill      XL: |  1  2  3 |
---------------+----------+-----
Shields        | 4 |  4.7
Fighting       | 4 |  4.4
Axes           | 3 |  3.8
Armour         | 4 |  4.1
Dodging        | |  0.8
Stealth        | |  0.7

Action                   |  1- 3 |  4- 6 || total
-------------------------+-------+-------++-------
Melee: War axe           |   104 |    51 ||   155
       Headbutt          |    12 |     6 ||    18
  Eat: Chunk             |     1 |     1 ||     2
Armor: Scale mail        |    50 |    12 ||    62
       Ring mail         |       |    10 ||    10
Dodge: Dodged            |    29 |    13 ||    42
Block: Shield            |    67 |    30 ||    97

Table legend:
 A = Spawn XP
 B = Non-spawn XP
 C = Spawn XP percentage of total XP
 D = Spawn monster count
 E = Non-spawn monster count
 F = Spawn count percentage of total count
 G = Total turns spent on level
                    A         B        C        D         E        F      G
               +---------+---------+-------+---------+---------+-------+---------
         Total |       0 |     184 |   0.0 |       0 |      55 |   0.0 |  1482
               +---------+---------+-------+---------+---------+-------+---------
           D:1 |       0 |      21 |   0.0 |       0 |      15 |   0.0 |   606
           D:2 |       0 |      97 |   0.0 |       0 |      26 |   0.0 |   690
           D:3 |       0 |      66 |   0.0 |       0 |      14 |   0.0 |   186
               +---------+---------+-------+---------+---------+-------+---------
